 Dungeon Crawl Stone Soup version 0.29.1-12-g30fa7ad0bf (webtiles) character file.

Game seed: 9839460679027165980

237 raph the Caller (level 5, -5/29 HPs)
             Began as a Deep Elf Summoner on Jan 14, 2023.
             Slain by an ogre
             ... wielding a +0 giant spiked club
              (8 damage)
             ... while paralysed by Grinder
             ... on level 5 of the Dungeon.
             The game lasted 00:07:01 (4478 turns).

raph the Caller (Deep Elf Summoner)                 Turns: 4478, Time: 00:07:02

Health: -5/29      AC:  3    Str:  5    XL:     5   Next: 77%
Magic:  3/13       EV:  2    Int: 22    God:
Gold:   70         SH:  0    Dex: 15    Spells: 3/12 levels left

rFire   . . .      SeeInvis .   e - +0 dagger
rCold   . . .      Faith    .   (no shield)
rNeg    . . .      Spirit   .   a - +0 robe
rPois   .          Reflect  .   (no helmet)
rElec   .          Harm     .   (no cloak)
rCorr   .          Rampage  .   (no gloves)
Will    .....                   m - +0 pair of boots
Stlth   ++........              (no amulet)
HPRegen 0.09/turn               (no ring)
MPRegen 0.13/turn               (no ring)

@: paralysed, very slightly contaminated
A: no striking features
a: no special abilities


You were on level 5 of the Dungeon.
You visited 1 branch of the dungeon, and saw 4 of its levels.

You collected 70 gold pieces.

Inventory:

Hand Weapons
 e - a +0 dagger (weapon)
Missiles
 d - 6 boomerangs
 f - 4 poisoned darts
Armour
 a - a +0 robe (worn)
 m - a +0 pair of boots (worn)
Magical Staves
 c - a staff of earth
Scrolls
 h - a scroll of torment
Potions
 l - a potion of lignification {unknown}
 n - a potion of mutation {unknown}
 p - a potion of invisibility {unknown}


   Skills:
 - Level 1.0 Fighting
 - Level 3.4 Dodging
 - Level 3.6 Stealth
 - Level 4.0 Spellcasting
 + Level 6.4 Summonings


You had 3 spell levels left.
You knew the following spells:

 Your Spells              Type           Power      Damage    Failure   Level
a - Summon Small Mammal   Summ           100%       N/A       1%          1
b - Call Imp              Summ           32%        N/A       1%          2
c - Call Canine Familiar  Summ           32%        N/A       2%          3
d - Summon Guardian Gole  Hex/Summ       18%        N/A       9%          3

Your spell library contained the following spells:

 Spells                   Type           Power      Damage    Failure   Level
 Conjure Flame            Conj/Fire      4%         6-21      32%         3
 Ignite Poison            Fire/Tmut/Pois 4%         N/A       32%         3
 Summon Lightning Spire   Summ/Air       18%        N/A       30%         4
 Sticky Flame             Conj/Fire      4%         2d3       73%         4


Dungeon Overview and Level Annotations

Branches:
Dungeon (3/15)

Altars:
Kikubaaqudgha

Shops:
D:5 :

Annotations:
D:5 Grinder


Message History

The hound misses you.
Your quokka bites the hound but does no damage.
Casting: Summon Small Mammal (safe; 1% risk of failure)
Confirm with . or Enter, or press ? or * to list all spells.
You miscast Summon Guardian Golem.
You are very lightly contaminated with residual magic.
Nothing appears to happen.
The hound bites you.
Your quokka bites the hound.
Your shadow imp hits the hound.
The hound closely misses you.
Your quokka misses the hound.
Your quokka bites the hound.
The adder completely misses your shadow imp.
The adder bites your quokka.
Your quokka closely misses the adder.
The hound bites you.
Casting: Summon Guardian Golem (quite dangerous; 10% risk of failure)
Confirm with . or Enter, or press ? or * to list all spells.
The adder bites your quokka but does no damage.
Your quokka misses the hound. The hound closely misses you.
Your quokka bites the adder.
The adder dies!
Your shadow imp barely misses the hound.
Grinder comes into view.
Grinder shouts!
Your quokka bites the hound.
The hound bites you.
* * * LOW HITPOINT WARNING * * *
An ogre comes into view. It is wielding a +0 giant spiked club.
Found Uptyagg's Book Emporium.
Your hound bites the hound.
Your hound bites the hound but does no damage.
Okay, then.
Found a scroll labelled HAREM VITRUHA.
Your hound bites the hound.
The hound dies!
A black bear comes into view.
Grinder gestures at you.
You suddenly lose the ability to move!
Grinder says, "Don't move a muscle."
Grinder blinks!
Grinder says, "FISH!"
Grinder gestures at you. Pain shoots through your body!
* * * LOW HITPOINT WARNING * * *
The ogre hits you with a +0 giant spiked club!
You die...

####### #.....# ####
#.....####...### #
#####.....#........#
[###.........#.~....#.##
...##..........~~.....∩.
##..#.........5rh~.....?
5............#h.@..h....
###..........###rO......
....##.###### #.#......
........# ..#.5....
......... ### .....
.....#.... .....
.......##.. ....
...#.... .... .


You could see Grinder, 2 black bears, an ogre, a friendly hound (summoned), a
friendly shadow imp (summoned) and 2 friendly quokkas.

Vanquished Creatures
  An orc (D:3)
  A ball python (D:2)
  A bat (D:2)
  An endoplasm (D:3)
  A goblin (D:3)
  3 hobgoblins
  A jackal (D:1)
  2 kobolds
  A quokka (D:1)
  A frilled lizard (D:3)
  3 rats
16 creatures vanquished.

Vanquished Creatures (collateral kills)
  A hound (D:5)
  Jessica (D:2)
  6 gnolls
  3 adders
  An ufetubus (D:5)
  5 worms
  3 dart slugs
  3 orcs
  3 endoplasms
  8 goblins
  3 hobgoblins
  2 jackals (D:1)
  A quokka (D:1)
  3 ball pythons
  3 bats
  A frilled lizard (D:1)
  4 kobolds
  2 rats (D:3)
53 creatures vanquished.

Vanquished Creatures (others)
  A gnoll (D:3)
  An orc (D:3)
2 creatures vanquished.

Grand Total: 71 creatures vanquished

Notes
Turn   | Place    | Note
-------+----------+-------------------------------------------
     0 | D:1      | raph the Deep Elf Summoner began the quest for the Orb.
     0 | D:1      | Reached XP level 1. HP: 10/10 MP: 6/6
   229 | D:1      | Reached XP level 2. HP: 15/15 MP: 5/8
   279 | D:1      | Learned a level 2 spell: Call Imp
   879 | D:1      | Reached XP level 3. HP: 19/19 MP: 4/9
   883 | D:1      | Learned a level 3 spell: Call Canine Familiar
  1544 | D:2      | Reached skill level 5 in Summonings
  1973 | D:2      | Noticed Jessica
  1984 | D:2      | HP: 1/20 [Jessica/nerve-wracking pain (13)]
  2357 | D:2      | Killed Jessica
  2358 | D:2      | Reached XP level 4. HP: 24/24 MP: 2/11
  2535 | D:2      | Learned a level 3 spell: Summon Guardian Golem
  3534 | D:3      | Reached skill level 1 in Fighting
  3547 | D:3      | Found an ancient bone altar of Kikubaaqudgha.
  3554 | D:3      | Reached XP level 5. HP: 29/29 MP: 4/13
  4186 | D:3      | You fall into a shaft and drop 2 floors!
  4186 | D:5      | Entered Level 5 of the Dungeon
  4362 | D:5      | Reached skill level 6 in Summonings
  4412 | D:5      | Noticed a phantom
  4419 | D:5      | Noticed a phantom
  4432 | D:5      | Noticed an orc warrior
  4440 | D:5      | Noticed a black bear
  4472 | D:5      | Noticed Grinder
  4473 | D:5      | Found Uptyagg's Book Emporium.
  4473 | D:5      | Noticed an ogre
  4474 | D:5      | Noticed a black bear
  4474 | D:5      | Paralysed by Grinder for 5 turns
  4478 | D:5      | Slain by an ogre

Illustrated notes

Levels and vault maps discovered:
D:1:      dpeg_arrival_connections, layout_basic, nicolae_figureground_sparkle
D:2:      layout_basic, hex_tiny, grunt_ministairs_12, minmay_misc_feat_x,
          minmay_misc_feat_enclosed, uniq_jessica
D:3:      layout_loops_cross, nicolae_kikubaaqudgha_miasma_corner
D:5:      layout_rooms, lemuel_coloured_pillars_altar, serial_shops, shop,
          grunt_ministairs_8, chequers_serial_rivers_micro_c, uniq_grinder,
          uniq_edmund

Skill      XL: |  1  2  3  4  5 |
---------------+----------------+-----
Stealth        | 3 |  3.6
Summonings     | 5 6 |  6.4
Dodging        | 3 |  3.4
Fighting       | 1 |  1.0
Spellcasting   | 4 |  4.0

Action                   |  1- 3 |  4- 6 || total
-------------------------+-------+-------++-------
Melee: Staff             |     4 |       ||     4
       Unarmed           |     2 |       ||     2
       Dagger            |    22 |    30 ||    52
 Cast: Summon Small Mamm |    43 |    36 ||    79
       Call Imp          |    15 |    17 ||    32
       Call Canine Famil |     1 |    11 ||    12
       Summon Guardian G |       |     6 ||     6
  Use: Scroll            |       |     7 ||     7
       Potion            |       |     2 ||     2
 Stab: Distracted        |     1 |       ||     1
       Sleeping          |     3 |     2 ||     5
Armor: Robe              |     5 |     9 ||    14
Dodge: Dodged            |    29 |    36 ||    65
